 Dungeon Crawl Stone Soup version 0.27-a0-951-gae3e1deef5 (webtiles) character file.

Game seed: 16549174998111544650

140 Alarkh the Insei (level 5, -9/38 HPs)
             Began as a Demonspawn Transmuter on Apr 11, 2021.
             Killed by divine providence
             ... invoked by an orc priest
              (11 damage)
             ... on level 3 of the Dungeon.
             The game lasted 00:03:06 (2327 turns).

Alarkh the Insei (Demonspawn Transmuter)            Turns: 2327, Time: 00:03:07

Health: -9/38      AC:  2    Str:  9 (10) XL:     5   Next: 2%
Magic:  6/9        EV: 19    Int: 15 (16) God:
Gold:   54         SH:  0    Dex: 16 (18) Spells: 5/9 levels left

rFire    . . .     SeeInvis .     - Unarmed
rCold    . . .     Faith    .   (shield currently unavailable)
rNeg     . . .     Spirit   .   (armour currently unavailable)
rPois    x         Reflect  .   (helmet currently unavailable)
rElec    .         Harm     .   (cloak currently unavailable)
rCorr    .         Rampage  .   (gloves currently unavailable)
Will     .....                  (boots currently unavailable)
Stlth    +.........             (no amulet)
HPRegen  0.12/turn              (no ring)
MPRegen  0.11/turn              (no ring)

@: spider-form (expiring)
A: venomous fangs, tiny, (claws 2), (thin metallic scales 1)
a: End Transformation


You were on level 3 of the Dungeon.
You were a venomous arachnid creature.
You visited 1 branch of the dungeon, and saw 3 of its levels.

You collected 54 gold pieces.

Inventory:

Missiles
 d - 18 poisoned darts
 i - 5 atropa-tipped darts
Armour
 a - a +0 robe (melded)
 b - a +0 cloak (melded)
 e - a +2 kite shield
Scrolls
 c - 2 scrolls of enchant weapon {unknown}
 f - a scroll of noise {unknown}
 g - a scroll of torment {unknown}
 h - a scroll of brand weapon {unknown}
 k - 3 scrolls of identify {unknown}
 m - a scroll of immolation {unknown}
 n - a scroll of blinking {unknown}
 o - a scroll of magic mapping {unknown}
Potions
 j - 2 potions of degeneration
 l - a potion of curing {unknown}
 p - a potion of mutation {unknown}


   Skills:
 + Level 2.2 Fighting
 - Level 1.7 Dodging
 * Level 3.9 Unarmed Combat
 + Level 2.8 Spellcasting
 + Level 2.6 Transmutations


You had 5 spell levels left.
You knew the following spells:

 Your Spells              Type           Power      Damage    Failure   Level
a - Beastly Appendage     Tmut           18%        N/A       19%         1
b - Spider Form           Tmut/Pois      3%         N/A       56%         3

Your spell library contained the following spells:

 Spells                   Type           Power      Damage    Failure   Level
 Wereblood                Tmut           9%         N/A       26%         2
 Confusing Touch          Hex            2%         N/A       73%         3
 Gell's Gravitas          Tloc           1%         N/A       73%         3
 Ice Form                 Ice/Tmut       6%         N/A       89%         4
 Petrify                  Tmut/Erth      6%         N/A       89%         4
 Hydra Form               Tmut           4%         N/A       97%         5
 Yara's Violent Unravell  Hex/Tmut       3%         3d4       99%         5
 Metabolic Englaciation   Hex/Ice        1%         N/A       100%        5


Dungeon Overview and Level Annotations

Branches:
Dungeon (3/15)

Altars:


Innate Abilities, Weirdness & Mutations

You are a venomous arachnid creature.
You have poisonous fangs.
You are tiny and dextrous.
Your spellcasting is less reliable in this form.
Your armour is entirely melded.
You are incapable of wielding weapons or throwing items.
((You have very sharp fingernails.))
((You are partially covered in thin metallic scales. (AC +2)))


Message History

You see here a bat corpse.
You are too injured to fight recklessly!
Casting: Beastly Appendage (safe; 7% risk of failure)
Confirm with . or Enter, or press ? or * to list all spells.
Okay, then.
Casting: Beastly Appendage (safe; 7% risk of failure)
Confirm with . or Enter, or press ? or * to list all spells.
The spell is quite dangerous to cast (32% risk of failure)!
Continue anyway?
Your horns disappear.
Your talons disappear.
You turn into a venomous arachnid creature.
Your +0 cloak melds into your body.
Your +0 robe melds into your body.
The orc priest calls down the wrath of Beogh upon you.
Beogh smites you!
* * * LOW HITPOINT WARNING * * *
You hit the orc priest.
The orc priest is lightly wounded.
The orc priest completely misses you.
You hit the orc priest.
The orc priest is moderately wounded.
The orc priest barely misses you.
You hit the orc priest but do no damage.
The orc priest is moderately wounded.
The orc priest mumbles some strange prayers to Beogh against you.
You barely resist.
You hit the orc priest but do no damage.
The orc priest is poisoned.
The orc priest is moderately wounded.
Your transformation is almost over.
The orc priest barely misses you.
You hit the orc priest but do no damage.
The orc priest is heavily wounded.
The orc priest mumbles some strange prayers to Beogh against you.
Pain shoots through your body!
* * * LOW HITPOINT WARNING * * *
It was a potion of degeneration.
There was something very wrong with that liquid.
You feel weakened.
You feel dopey.
You feel clumsy.
The orc priest invokes the aid of Beogh against you.
Beogh smites you!
You die...

####.##.###.#
#..#.....#
##.#.....#
#.#.....#
#...###.#
##..# .# #..#
.#
#..###o######
##>.soo......
#####o######
.# .# .# ..
##


You could see an orc priest (very poisoned) and 3 orcs.

Vanquished Creatures
  An orc wizard (D:3)
  4 adders
  A worm (D:2)
  2 dart slugs (D:2)
  5 orcs (D:3)
  7 ball pythons
  2 bats
  An endoplasm (D:1)
  3 giant cockroaches
  6 goblins
  3 hobgoblins
  8 jackals (D:1)
  9 kobolds
  5 quokkas
  2 frilled lizards
  3 rats (D:1)
62 creatures vanquished.

Notes
Turn   | Place    | Note
-------+----------+-------------------------------------------
     0 | D:1      | Alarkh the Demonspawn Transmuter began the quest for the
                  | Orb.
     0 | D:1      | Reached XP level 1. HP: 15/15 MP: 3/3
   158 | D:1      | Gained mutation: You have sharp fingernails. [demonic
                  | ancestry]
   158 | D:1      | Reached XP level 2. HP: 17/21 MP: 5/5
   175 | D:1      | Reached skill level 3 in Unarmed Combat
   486 | D:1      | Reached XP level 3. HP: 22/26 MP: 6/6
   544 | D:1      | Learned a level 3 spell: Spider Form
  1296 | D:2      | Gained mutation: You have very sharp fingernails. [demonic
                  | ancestry]
  1296 | D:2      | Reached XP level 4. HP: 31/33 MP: 5/7
  1618 | D:2      | Found a faded altar of an unknown god.
  2240 | D:3      | Gained mutation: You are partially covered in thin metallic
                  | scales. (AC +2) [demonic ancestry]
  2240 | D:3      | Reached XP level 5. HP: 25/38 MP: 7/9
  2327 | D:3      | Killed from afar by an orc priest

Illustrated notes

Levels and vault maps discovered:
D:1:      minmay_arrival_five_plusses, layout_basic
D:2:      layout_basic, shapermc_ecumenical_altar_venn, hangedman_decor_lopped
D:3:      layout_basic

Skill      XL: |  1  2  3  4 |
---------------+-------------+-----
Unarmed Combat | 3 |  3.9
Transmutations | 2 |  2.6
Fighting       | 2 |  2.2
Dodging        | |  1.7
Spellcasting   | |  2.8

Action                   |  1- 3 |  4- 6 || total
-------------------------+-------+-------++-------
Melee: Unarmed           |   107 |    70 ||   177
       Kick              |    26 |    13 ||    39
       Headbutt          |    12 |     6 ||    18
       Punch             |     1 |       ||     1
 Cast: Beastly Appendage |    24 |    10 ||    34
       Spider Form       |       |     1 ||     1
  Use: Potion            |       |     1 ||     1
 Stab: Sleeping          |     1 |       ||     1
Armor: Robe              |    21 |     7 ||    28
Dodge: Dodged            |    68 |    34 ||   102

Table legend: (Time is in decaauts)
 A = Elapsed time spent in this place.
 B = Non-inter-level travel time spent in this place.
 C = Inter-level travel time spent in this place.
 D = Time resting spent in this place.
 E = Time spent auto-exploring this place.
 F = Levels seen in this place.
 G = Mean time per level.
                   A        B        C        D        E       F      G
               +--------+--------+--------+--------+--------+-----+--------+
         Total |   2316 |   2278 |     38 |      0 |   1851 |   3 |  772.0 |
       Dungeon |   2316 |   2278 |     38 |      0 |   1851 |   3 |  772.0 |
               +--------+--------+--------+--------+--------+-----+--------+

Top non-repeatable levels by time:
     D:2: 1230 daAuts
     D:1: 689 daAuts
     D:3: 395 daAuts
